[Event "Early-Titled-Tuesday-Blitz-January-30-2024"]
[Site "Chess.com"]
[Date "2024.01.30"]
[Round "3"]
[White "xamax2000"]
[Black "Yushko_Olga"]
[Result "1-0"]
[WhiteElo "2860"]
[BlackElo "2155"]
[TimeControl "180+1"]
[EndTime "8:29:52 PST"]
[Termination "xamax2000 won by resignation"]

1. Nf3 e6 2. g3 Nf6 3. Bg2 d5 4.
c4 c5 5. cxd5 exd5 6. d4 Nc6 7.
O-O Be7 8. Nc3 O-O 9. Bg5 Be6 10. e3 Ne4 11. Bxe7 Qxe7 12. Rc1 cxd4 13. Nxd4 Nxd4 14. Qxd4 Nxc3 15. Rxc3 Rfd8 16. Rfc1 Rac8 17. Rxc8 Rxc8 18. Rxc8+ Bxc8 19. Qxa7 Qc7 20. Bxd5 g6 21. Qd4 Bh3 22.
Qd1 Qd7 23. Bf3 Qf5 24. Bg2 Bg4 25. Qd8+ Kg7 26. Qd4+ Kg8 27. Bxb7 Qb1+ 28. Kg2 Qf5 29. Be4 Bh3+ 30. Kg1 Qa5 31. Qd1 Qxa2 32. Bg2 Be6 33. Qc1 Qb3 34. h4 Bg4 35. Qc3 Qd1+ 36. Kh2 Qd7 37. Qd4 Qf5 38. Qf4 Qe6 39. b4 Bf5 40. b5 Qb6 41. Bc6 Qc5 42. g4 Be6 43. g5 Bf5 44.
Kg3 Be6 45. Qd4 Qf5 46. Qd8+ Kg7 47. Qf6+ Qxf6 48. gxf6+ Kxf6 49. b6 1-0

[Event "Early-Titled-Tuesday-Blitz-January-30-2024"]
[Site "Chess.com"]
[Date "2024.01.30"]
[Round "3"]
[White "HansOnTwitch"]
[Black "DavidGavrilescu18"]
[Result "1-0"]
[WhiteElo "3205"]
[BlackElo "2814"]
[TimeControl "180+1"]
[EndTime "8:29:53 PST"]
[Termination "HansOnTwitch won by resignation"]

1. e4 c5 2. Nf3 e6 3. d4 cxd4 4.
Nxd4 Nf6 5. Nd2 d5 6. e5 Nfd7 7. N2f3 Nc6 8. Bf4 Be7 9. Bb5 Nxd4 10. Nxd4 O-O 11. O-O Qc7 12. Re1 Nc5 13. Qg4 g6 14. Bh6 Rd8 15. Qf4 Bd7 16. Bf1 Rac8 17. h4 a5 18. c3 f5 19. h5 Kf7 20. Bg5 Bc6 21. f3 a4 22. b4 axb3 23. axb3 b5 24. Kh1 Rg8 25. b4 Nd7 26. Bxe7 Kxe7 27. Qg5+ Kf7 28. Bxb5 Bxb5 29. Nxb5 Qd8 30. Nd6+ Kf8 31. Qh6+ Rg7 32. hxg6 hxg6 33. Nxc8 Qxc8 34. Ra7 Kf7 35. Qe3 g5 36. Rea1 Kg6 37. Kg1 Rh7 38.
R1a6 Qe8 39. Rd6 Nf8 40. Rxh7 Nxh7 41. Qb6 Nf8 42. b5 Qa8 43. Qa6 Qe8 44. b6 Nd7 45. b7 Nc5 46. Qc6 Qxc6 47. Rxc6 Nxb7 48. Rxe6+ Kf7 1-0

[Event "Early-Titled-Tuesday-Blitz-January-30-2024"]
[Site "Chess.com"]
[Date "2024.01.30"]
[Round "3"]
[White "spaski2004"]
[Black "Lennis93"]
[Result "1-0"]
[WhiteElo "2974"]
[BlackElo "2732"]
[TimeControl "180+1"]
[EndTime "8:29:53 PST"]
[Termination "spaski2004 won by resignation"]

1. Nf3 d5 2. e3 Nf6 3. b3 Bg4 4. c4 e6 5. Bb2 Nbd7 6. Be2 Bd6 7.
Nc3 c6 8. h3 Bxf3 9. Bxf3 Qe7 10. Qc2 Ba3 11. Bxa3 Qxa3 12. d4 O-O 13. O-O Rfd8 14. g4 Qe7 15. Bg2 a6 16. f4 b5 17.
c5 b4 18. Ne2 a5 19. g5 Ne8 20.
Ng3 f6 21. h4 f5 22. a3 Rdb8 23. axb4 Rxb4 24. Ra3 Qd8 25. Rfa1 h6 26. Bf1 Nf8 27. Bd3 Ng6 28. Qh2 Nxf4 29. exf4 Rxd4 30. Qe2 Nc7 31. Rxa5 Rxa5 32. Rxa5 Rxf4 33. Qe5 Rxh4 34. Ra7 Qxg5 35. Rxc7 Rg4 36. Qxe6+ Kh8 37. Rc8+ Kh7 38. Bxf5+ 1-0

[Event "Early-Titled-Tuesday-Blitz-January-30-2024"]
[Site "Chess.com"]
[Date "2024.01.30"]
[Round "3"]
[White "MyDream003"]
[Black "Nouali_Mohamed"]
[Result "1-0"]
[WhiteElo "2821"]
[BlackElo "2531"]
[TimeControl "180+1"]
[EndTime "8:29:53 PST"]
[Termination "MyDream003 won on time"]

1. Nf3 Nf6 2. d4 g6 3. b3 Bg7 4. Bb2 d6 5. e3 O-O 6. Be2 Nc6 7. O-O e5 8. dxe5 Ng4 9. c4 Ncxe5 10. Nc3 Re8 11.
Nxe5 Nxe5 12. Qd2 Bd7 13. Rad1 Bc6 14. Nd5 h5 15. h3 a5 16. Bc3 b6 17. Qb2 f6 18. f4 Nd7 19. Bf3 Kh8 20. Rfe1 Rf8 21. Kh2 Rc8 22. Qc2 f5 23. e4 Nc5 24. exf5 Rxf5 25. Bxg7+ Kxg7 26. Ne7 Bd7 27. Nxf5+ Bxf5 28. Qc3+ Kg8 29. Bd5+ 1-0

[Event "Early-Titled-Tuesday-Blitz-January-30-2024"]
[Site "Chess.com"]
[Date "2024.01.30"]
[Round "3"]
[White "Sethu0025"]
[Black "Juicy_Fork"]
[Result "1-0"]
[WhiteElo "2854"]
[BlackElo "2439"]
[TimeControl "180+1"]
[EndTime "8:29:53 PST"]
[Termination "Sethu0025 won on time"]

1. b3 Nf6 2. Bb2 g6 3. Nf3 Bg7 4. c4 O-O 5. g3 c5 6. Bg2 Nc6 7. O-O d5 8. cxd5 Nxd5 9. Bxg7 Kxg7 10. d4 cxd4 11. Nxd4 Ndb4 12. Nxc6 Nxc6 13. Nc3 Bf5 14.
Bxc6 bxc6 15. Rc1 Qxd1 16. Rfxd1 Rfd8 17. f3 Rd6 18. Rxd6 exd6 19. Kf2 Rc8 20. g4 Be6 21. Ne4 d5 22. Nd6 Rd8 23. Rxc6 d4 24. Ra6 Rd7 25. Ne4 Bd5 26. Nf6 Bb7 27. Nxd7 Bxa6 28. g5 Bb5 29.
Nf6 h6 30. h4 hxg5 31. hxg5 Kf8 32. Nd5 Bc6 33. Nb4 Bb7 34. Nc2 d3 35. exd3 Ke7 36. f4 Kd6 37. Ke3 a5 38. Nd4 Ba6 39. Nf3 Kd5 40. Ne5 Ke6 41. Nc6 a4 42. bxa4 Kf5 43.
a5 Bb5 44. Nb4 Kg4 45. a6 1-0

[Event "Early-Titled-Tuesday-Blitz-January-30-2024"]
[Site "Chess.com"]
[Date "2024.01.30"]
[Round "3"]
[White "Ron_Weasley_Chess"]
[Black "yuriydovzik"]
[Result "1-0"]
[WhiteElo "2432"]
[BlackElo "2213"]
[TimeControl "180+1"]
[EndTime "8:29:53 PST"]
[Termination "Ron_Weasley_Chess won on time"]

1. Nf3 a6 2. g3 b5 3. Bg2 Bb7 4. O-O Nf6 5. b3 g6 6. Bb2 Bg7 7. c4 O-O 8. d3 d6 9. a3 c5 10. Nc3 bxc4 11. bxc4 Nc6 12. Qd2 Rb8 13. Rab1 Ba8 14.
Nd5 Nxd5 15. Bxg7 Kxg7 16. cxd5 Na7 17. e4 Nb5 18. a4 Nd4 19. Qc3 f6 20. Nxd4 cxd4 21. Qxd4 Qa5 22. Qa7 Qc5 23. Qxe7+ Rf7 24. Qe6 Rbb7 25. Rbc1 Qa3 26. Qc8 Ra7 27. Qc4 Bb7 28.
Ra1 Qb2 29. Rfb1 Qe5 30. f4 Qe7 31. Rc1 Ra8 32. Rab1 Rc8 33. Qb4 Rxc1+ 34. Rxc1 Qd8 35. Bf1 Rc7 36. Qb6 1-0

[Event "Early-Titled-Tuesday-Blitz-January-30-2024"]
[Site "Chess.com"]
[Date "2024.01.30"]
[Round "3"]
[White "SmirnovTimofey2000"]
[Black "KorolDimitriy75"]
[Result "0-1"]
[WhiteElo "1943"]
[BlackElo "2354"]
[TimeControl "180+1"]
[EndTime "8:29:53 PST"]
[Termination "KorolDimitriy75 won on time"]

1. e4 c5 2. c3 d5 3. exd5 Qxd5 4. d4 cxd4 5. cxd4 Nc6 6. Nf3 e5 7. Nc3 Bb4 8. Bd2 Bxc3 9. bxc3 e4 10. c4 Qf5 11. d5 exf3 12. dxc6 Qe4+ 13. Be3 fxg2 14. c7 Bg4 15. Bxg2 Qxg2 16. Qa4+ Qc6 17. Qxc6+ bxc6 18. Rb1 Rc8 19. Rb8 Nf6 20. Rxc8+ Bxc8 21. O-O Be6 22. Rb1 Kd7 23. Bf4 Rc8 24. Rb8 Bxc4 25. Rxc8 Kxc8 0-1

[Event "Early-Titled-Tuesday-Blitz-January-30-2024"]
[Site "Chess.com"]
[Date "2024.01.30"]
[Round "3"]
[White "nikitadovbnya2008"]
[Black "DmitriiZakurdaev"]
[Result "0-1"]
[WhiteElo "2123"]
[BlackElo "2401"]
[TimeControl "180+1"]
[EndTime "8:29:54 PST"]
[Termination "DmitriiZakurdaev won by checkmate"]

1. d4 d5 2. c4 e6 3. Nc3 Nf6 4. cxd5 exd5 5. Bg5 Be7 6. e3 c6 7. Bd3 Nbd7 8. Qc2 Nh5 9. Bxe7 Qxe7 10. Nge2 g6 11.
O-O Ndf6 12. Rab1 a5 13. a3 O-O 14. b4 axb4 15. axb4 b5 16. Ra1 Bd7 17. Qb2 Ng7 18. Ng3 h5 19. Rfc1 h4 20. Nf1 h3 21.
g3 Nf5 22. Ne2 Ne4 23. Nd2 Nxf2 24. Bxf5 Qxe3 25. Nf1 Qf3 26. Nf4 Rxa1 27. Rxa1 Qh1+ 28. Kxf2 Bxf5 29. Re1 g5 30. Qe2 gxf4 31. Qh5 Qg2# 0-1

[Event "Early-Titled-Tuesday-Blitz-January-30-2024"]
[Site "Chess.com"]
[Date "2024.01.30"]
[Round "3"]
[White "deepfear"]
[Black "diamonds13"]
[Result "0-1"]
[WhiteElo "1937"]
[BlackElo "2352"]
[TimeControl "180+1"]
[EndTime "8:29:54 PST"]
[Termination "diamonds13 won on time"]

1. e4 c5 2. Nc3 Nc6 3. f4 g6 4. Nf3 Bg7 5. Bc4 e6 6. f5 gxf5 7. exf5 d5 8. Bb5 d4 9. Ne4 Qd5 10. d3 exf5 11. Bc4 Qd8 12. Neg5 Qe7+ 13. Kf2 Be6 14.
Re1 Nd8 15. Nxe6 fxe6 16. Ng5 e5 17. Qh5+ Kf8 18. Nxh7+ Rxh7 19. Qxh7 Nh6 20. Bxh6 Qh4+ 21. g3 Qxh2+ 22. Kf3 Qh5+ 23. Kg2 Qxh6 24. Qxf5+ Ke7 25. Rxe5+ Bxe5 26. Qxe5+ Kd7 27. Qd5+ Qd6 28. Bb5+ Kc7 0-1

[Event "Early-Titled-Tuesday-Blitz-January-30-2024"]
[Site "Chess.com"]
[Date "2024.01.30"]
[Round "3"]
[White "ri4mi"]
[Black "js20000"]
[Result "1-0"]
[WhiteElo "2546"]
[BlackElo "2773"]
[TimeControl "180+1"]
[EndTime "8:29:55 PST"]
[Termination "ri4mi won by resignation"]

1. e4 c6 2. d4 d5 3. e5 Bf5 4.
Nf3 e6 5. Be2 Bg4 6. O-O Bxf3 7.
Bxf3 Ne7 8. Be3 Nf5 9. Nd2 c5 10. c3 cxd4 11. Bxd4 Nc6 12. Nb3 Nfxd4 13. Nxd4 Nxe5 14.
Re1 Nxf3+ 15. Qxf3 Be7 16. c4 dxc4 17. Qxb7 Qc8 18.
Qb5+ Qd7 19. Rac1 Qxb5 20. Nxb5 Rb8 21. Nxa7 Bc5 22. Nc6 Rxb2 23. Rf1 O-O 24. Rxc4 Bb6 25. a4 Ra2 26. g3 Ra8 27. Kg2 R2xa4 28. Rxa4 Rxa4 29.
Rb1 Bc7 30. Rb7 Bd6 31. Rd7 Bf8 32. Rd8 g6 33. Ne5 Kg7 34. Rd7 Bc5 35. Rxf7+ Kg8 36. Rf3 Bd6 37. Nd7 Kg7 38. Nf6 g5 39. Ne8+ Kg6 40.
Nxd6 1-0

[Event "Early-Titled-Tuesday-Blitz-January-30-2024"]
[Site "Chess.com"]
[Date "2024.01.30"]
[Round "3"]
[White "sokidze"]
[Black "GKARU"]
[Result "1-0"]
[WhiteElo "2854"]
[BlackElo "2520"]
[TimeControl "180+1"]
[EndTime "8:29:56 PST"]
[Termination "sokidze won on time"]

1. d4 Nf6 2. c4 e6 3. Nf3 d5 4. g3 Bb4+ 5. Bd2 a5 6. Qc1 O-O 7. Bg2 Nbd7 8. O-O dxc4 9. Bxb4 axb4 10. Qxc4 Qe7 11. Qxc7 Nd5 12. Qc2 N7b6 13. e4 Nf6 14. Nbd2 Na4 15. e5 Nd5 16. Ne4 Bd7 17. Nd6 Bc6 18. Nd2 Rfd8 19. N2e4 h6 20. Rfc1 Ra5 21. a3 Rda8 22. axb4 Nxb4 23. Qd2 Bxe4 24. Bxe4 Nc6 25.
Bxc6 bxc6 26. b3 Qa7 27. Rxa4 Rxa4 28. bxa4 Qxa4 29. Qf4 Ra7 30. Rb1 Qc2 31. Qe4 Qxe4 32. Nxe4 Ra4 33. Rb8+ Kh7 34. Rd8 Kg6 35. Kg2 Kf5 36.
Nd6+ Kg6 37. Nb7 Rb4 38. Nc5 Rxd4 39. Rxd4 1-0

[Event "Early-Titled-Tuesday-Blitz-January-30-2024"]
[Site "Chess.com"]
[Date "2024.01.30"]
[Round "3"]
[White "Jumbo"]
[Black "winniethepooh04"]
[Result "1-0"]
[WhiteElo "2939"]
[BlackElo "2547"]
[TimeControl "180+1"]
[EndTime "8:29:56 PST"]
[Termination "Jumbo won by resignation"]

1. d4 e6 2. Nf3 d5 3. Bf4 Nf6 4. e3 Bd6 5. Bg3 O-O 6. c4 c5 7.
dxc5 Bxc5 8. Nc3 Nc6 9. a3 a6 10. Qc2 dxc4 11. Bxc4 Be7 12. O-O b5 13. Bd3 Bb7 14.
Ne4 h6 15. Rfd1 Qb6 16. Nd6 Rfd8 17. Nxb7 Qxb7 18. Be2 Rac8 19. Rxd8+ Rxd8 20. Rc1 Nb8 21. Nd4 Nbd7 22. Bf3 Nd5 23. Nc6 Re8 24. Nxe7+ Rxe7 25. Qc8+ Qxc8 26. Rxc8+ Kh7 27. Bxd5 exd5 28. Rc7 f6 29. Ra7 Kg6 30. h4 Kf7 31. Bd6 Re6 32. Rxd7+ Ke8 33.
Rxg7 Rxd6 34. Rg6 Kf7 35. Rxh6 Kg7 36. Rh5 d4 37. exd4 Rxd4 38. Rf5 Rd1+ 39. Kh2 Rd2 40. b4 Ra2 41. Rf3 Kg6 42. Kh3 Rc2 43. g4 Rc1 44. Kg2 Rc2 45. Re3 Rc1 46. Kg3 Rg1+ 47. Kf4 Rc1 48.
h5+ Kf7 49. Rd3 Rc4+ 50. Kf5 Rc2 51. f4 Ra2 52. Rd6 Rxa3 53. Rxf6+ Kg7 54. h6+ Kh7 55.
Rb6 Ra4 56. Kg5 Rxb4 57. Rb7+ Kg8 58. Kg6 Rxf4 59. Rb8+ Rf8 60. h7+ 1-0

[Event "Early-Titled-Tuesday-Blitz-January-30-2024"]
[Site "Chess.com"]
[Date "2024.01.30"]
[Round "3"]
[White "Karttunen"]
[Black "ajkom197"]
[Result "1-0"]
[WhiteElo "2610"]
[BlackElo "2544"]
[TimeControl "180+1"]
[EndTime "8:29:58 PST"]
[Termination "Karttunen won by resignation"]

1. e4 c6 2. d4 d5 3. e5 Bf5 4.
h4 a6 5. g4 Bd7 6. h5 e6 7. c3 c5 8. Be3 Qb6 9. Qd2 Nc6 10. f4 Rc8 11. Nf3 cxd4 12. cxd4 Na5 13. Nc3 Nc4 14. Bxc4 dxc4 15. d5 Bc5 16. Bxc5 Qxc5 17.
Ne4 Qxd5 18. Nd6+ Kd8 19. Qxd5 exd5 20. Nxf7+ Ke7 21. Nxh8 Bxg4 22. Nh2 Bxh5 23. Nf1 g6 24. Ng3 Kf8 25. f5 Kg7 26. f6+ Kxh8 27. Nxh5 gxh5 28. Rxh5 d4 29. Kd2 h6 30. Rg1 Rc7 31. Rxg8+ Kxg8 32. e6 Rc6 33. Re5 c3+ 34. bxc3 dxc3+ 35. Kc2 1-0

[Event "Early-Titled-Tuesday-Blitz-January-30-2024"]
[Site "Chess.com"]
[Date "2024.01.30"]
[Round "3"]
[White "Muslim_player_05"]
[Black "mertfelin"]
[Result "0-1"]
[WhiteElo "2494"]
[BlackElo "2268"]
[TimeControl "180+1"]
[EndTime "8:30:00 PST"]
[Termination "mertfelin won by resignation"]

1. d4 d5 2. c4 e6 3. Nc3 Nf6 4. cxd5 exd5 5. Bg5 c6 6. e3 h6 7. Bh4 Be7 8. Bd3 O-O 9. Qc2 Re8 10. Nge2 a5 11. O-O Na6 12. a3 Nc7 13. f3 c5 14.
Rad1 c4 15. Bf5 b5 16. Bxc8 Qxc8 17. e4 Nxe4 18. fxe4 Bxh4 19. exd5 Qd7 20. Nf4 Bg5 21. Qf2 b4 22. Nce2 Re4 23. h4 Bxf4 24. Nxf4 Nxd5 25. Nh5 Qg4 26. Qf5 Qxf5 27. Rxf5 Ne3 28. Re1 Nxf5 29.
Rxe4 bxa3 30. bxa3 c3 31. Nf4 c2 32. Nd3 Rb8 33.
Re5 Rb1+ 34. Kf2 Nxd4 35. Rc5 Rd1 36. Ke3 Nf5+ 37. Rxf5 Rxd3+ 38. Kxd3 c1=Q 39. Rxa5 Qf1+ 40. Kd4 Qf4+ 41. Kc3 Qxh4 42. Ra8+ Kh7 43. a4 Qe1+ 44. Kb3 Qe2 45. Kb4 Qxg2 46. a5 Qxa8 47. a6 Qxa6 0-1

[Event "Early-Titled-Tuesday-Blitz-January-30-2024"]
[Site "Chess.com"]
[Date "2024.01.30"]
[Round "3"]
[White "bilosuvenosu06"]
[Black "chipmunknau"]
[Result "1-0"]
[WhiteElo "2526"]
[BlackElo "2740"]
[TimeControl "180+1"]
[EndTime "8:30:01 PST"]
[Termination "bilosuvenosu06 won by resignation"]

1. d4 Nf6 2. Nf3 e6 3. Bf4 c5 4.
e3 Nc6 5. Nbd2 b6 6. c3 Bb7 7.
Bd3 d5 8. O-O Bd6 9. Qe2 Bxf4 10. exf4 cxd4 11. Nxd4 Nxd4 12. cxd4 O-O 13. Rac1 Qd6 14. g3 Rfc8 15. a3 g6 16. Qe5 Ne8 17. Nb1 f6 18. Qe3 Bc6 19. Nc3 a6 20. Rfe1 Bd7 21. h4 Kg7 22. h5 Rc7 23. hxg6 hxg6 24.
Qe2 f5 25. Bxa6 Qf8 26. Bb5 Qf6 27. Bxd7 Rxd7 28. Qxe6 Rad8 29. Nb5 Rb7 30. Rc6 Qf7 31. Qxf7+ Kxf7 32. Ree6 Re7 33. Rxe7+ Kxe7 34. Rxg6 Nf6 35.
Rg7+ Kf8 36. Rb7 Re8 37. Rxb6 Re1+ 38. Kg2 Ne4 39. Rc6 Re2 40. Nc7 Rxf2+ 41. Kg1 Rxb2 42. Nxd5 Nxg3 43. Ne3 Re2 44. Nxf5 Ne4 45. Re6 Kf7 46. Rxe4 1-0

[Event "Early-Titled-Tuesday-Blitz-January-30-2024"]
[Site "Chess.com"]
[Date "2024.01.30"]
[Round "3"]
[White "wadsy27"]
[Black "Grandelicious"]
[Result "0-1"]
[WhiteElo "2619"]
[BlackElo "2918"]
[TimeControl "180+1"]
[EndTime "8:30:02 PST"]
[Termination "Grandelicious won by checkmate"]

1. e4 c5 2. Nf3 e6 3. d3 Nc6 4. g3 d6 5. Bg2 Be7 6. O-O Nf6 7. Nbd2 O-O 8. Re1 Rb8 9. a4 a6 10. c3 b5 11. axb5 axb5 12. d4 cxd4 13. cxd4 Bb7 14. e5 dxe5 15. dxe5 Nd7 16. Ne4 Nb4 17. Bg5 Bxg5 18.
Nfxg5 h6 19. Nf3 Nb6 20. Nd6 Bd5 21. Qd2 Nc6 22. Qf4 Nc4 23. Nxc4 bxc4 24. Rad1 Rxb2 25.
Nd4 Nb4 26. Bxd5 Nxd5 27. Qg4 Qb6 28. Qe4 c3 29. Rc1 Rd2 30. Ne2 Ra8 31. Qf3 Raa2 32. Nxc3 Rxf2 33. Nxd5 Rg2+ 34. Kh1 Rxh2# 0-1

[Event "Early-Titled-Tuesday-Blitz-January-30-2024"]
[Site "Chess.com"]
[Date "2024.01.30"]
[Round "3"]
[White "MatthewG-p4p"]
[Black "KarstenHansch"]
[Result "1-0"]
[WhiteElo "2863"]
[BlackElo "2542"]
[TimeControl "180+1"]
[EndTime "8:30:02 PST"]
[Termination "MatthewG-p4p won on time"]

1. f4 Nf6 2. Nf3 g6 3. g3 Bg7 4. Bg2 O-O 5. O-O d5 6. d3 b6 7. a4 a5 8. Nc3 Bb7 9. e4 dxe4 10.
Ng5 Nbd7 11. dxe4 Nc5 12. e5 Bxg2 13. Kxg2 Nfd7 14. Be3 e6 15. Qe2 Qe7 16. Rad1 Rad8 17.
Qc4 h6 18. Nf3 f6 19. exf6 Qxf6 20. Bd4 Qf5 21. Bxg7 Kxg7 22. Nd4 Qf7 23. Nc6 Rde8 24. Nb5 e5 25. Qxf7+ Rxf7 26. fxe5 Nxe5 27. Rfe1 1-0

[Event "Early-Titled-Tuesday-Blitz-January-30-2024"]
[Site "Chess.com"]
[Date "2024.01.30"]
[Round "3"]
[White "Arimin1329"]
[Black "BeardedNM"]
[Result "1-0"]
[WhiteElo "2418"]
[BlackElo "2197"]
[TimeControl "180+1"]
[EndTime "8:30:02 PST"]
[Termination "Arimin1329 won on time"]

1. Nf3 Nf6 2. b3 d5 3. Bb2 c5 4. g3 d4 5. Bg2 Nc6 6. O-O e5 7.
e3 Be7 8. exd4 exd4 9. Re1 O-O 10. c4 Re8 11. d3 h6 12. Ne5 Nxe5 13. Rxe5 Bd6 14.
Rxe8+ Qxe8 15. Nd2 Bf5 16. Nf3 Qd7 17. Qd2 Re8 18. a3 b6 19. b4 Bh7 20. b5 Qf5 21. Ne1 Ng4 22. a4 Qh5 23. h3 Ne5 24. a5 Bf5 25. g4 Nxg4 26. hxg4 Qh2+ 27. Kf1 Bxg4 28. f3 Bh3 29. Qf2 Qh1+ 30. Qg1 Rxe1+ 31. Rxe1 Bxg2+ 32. Kf2 Qh4+ 33. Kxg2 Qg3+ 34. Kf1 Qxf3+ 35. Qf2 Qxd3+ 36.
Kg1 Qg6+ 37. Qg2 Bg3 38. Re8+ Kh7 39. Qe4 1-0

[Event "Early-Titled-Tuesday-Blitz-January-30-2024"]
[Site "Chess.com"]
[Date "2024.01.30"]
[Round "3"]
[White "Slovineanu"]
[Black "DestroyerJohny"]
[Result "1-0"]
[WhiteElo "2440"]
[BlackElo "2233"]
[TimeControl "180+1"]
[EndTime "8:30:07 PST"]
[Termination "Slovineanu won on time"]

1. d4 d5 2. Nf3 Nf6 3. c4 e6 4. e3 Nbd7 5. b3 b6 6. Bd3 Bd6 7. O-O O-O 8. Nc3 a6 9. Bb2 Bb7 10. Rc1 c5 11. Qe2 cxd4 12. exd4 Rc8 13. Rfd1 dxc4 14.
bxc4 h6 15. Ne5 Qc7 16. h3 Bxe5 17. dxe5 Qxe5 18. Ne4 Qf4 19. Nxf6+ Nxf6 20. Be5 Qg5 21. f4 Qh4 22. Kh2 Nh5 23. Qe3 Rc5 24. Be2 Ra5 25.
g3 Nxg3 26. Qxg3 Qxg3+ 27. Kxg3 Rxa2 28. Kf2 Be4 29. Ke3 Bf5 30. Rd6 Ra3+ 31. Rc3 Ra1 32. Rxb6 f6 33. Bd6 Rd8 34. c5 Rh1 35. Kd4 Rh2 36. Bd3 Rd2 37. Ke3 1-0

[Event "Early-Titled-Tuesday-Blitz-January-30-2024"]
[Site "Chess.com"]
[Date "2024.01.30"]
[Round "3"]
[White "Nemegejas"]
[Black "Kostya0705"]
[Result "1-0"]
[WhiteElo "2862"]
[BlackElo "2568"]
[TimeControl "180+1"]
[EndTime "8:30:08 PST"]
[Termination "Nemegejas won by resignation"]

1. d4 Nf6 2. c4 e6 3. Nf3 d5 4. Nc3 dxc4 5. Qa4+ Nbd7 6. e4 a6 7. e5 Nd5 8. Qxc4 b5 9. Qb3 Nxc3 10. bxc3 c5 11. a4 c4 12. Qb1 Bb7 13. Ng5 Be7 14.
h4 h6 15. Ne4 O-O 16. h5 Nb6 17. Rh3 Nxa4 18. Rg3 Kh8 19. Rxa4 Bxe4 20. Qxe4 bxa4 21. Bxc4 f5 22. exf6 Rxf6 23. Bd3 Rf5 24. Qxe6 Rg5 25. Qe4 Kg8 26. Qh7+ Kf8 27. Bc4 Ke8 28. Be6 Qd6 29.
Qg8+ Bf8 30. Qf7+ Kd8 31. Rxg5 Qe7 32. Rd5+ Kc7 33. Rd7+ 1-0

[Event "Early-Titled-Tuesday-Blitz-January-30-2024"]
[Site "Chess.com"]
[Date "2024.01.30"]
[Round "3"]
[White "Happy1712Drummer"]
[Black "Ezov"]
[Result "1-0"]
[WhiteElo "2429"]
[BlackElo "2205"]
[TimeControl "180+1"]
[EndTime "8:30:08 PST"]
[Termination "Happy1712Drummer won by resignation"]

1. e4 e6 2. d4 d5 3. e5 c5 4. c3 Nc6 5. Nf3 Qb6 6. Bd3 cxd4 7. O-O Nh6 8. Re1 Nf5 9. Bxf5 exf5 10. cxd4 Be6 11.
Re3 h6 12. Rb3 Qa6 13. Nc3 Na5 14. Rb5 Rc8 15. Qa4 Nc6 16. Qxa6 bxa6 17. Rb7 Rb8 18.
Rxb8+ Nxb8 19. Be3 g5 20. Rc1 Be7 21. Na4 f4 22.
Bd2 Kd7 23. Nc5+ Bxc5 24. Rxc5 Rc8 25. Rxc8 Kxc8 26. h4 Bg4 27. Nh2 Bf5 28. hxg5 hxg5 29. Nf3 g4 30. Nh4 Nc6 31. Nxf5 1-0

[Event "Early-Titled-Tuesday-Blitz-January-30-2024"]
[Site "Chess.com"]
[Date "2024.01.30"]
[Round "3"]
[White "Logman74"]
[Black "ejalmedina"]
[Result "1-0"]
[WhiteElo "2576"]
[BlackElo "2323"]
[TimeControl "180+1"]
[EndTime "8:30:09 PST"]
[Termination "Logman74 won on time"]

1. e4 c6 2. d4 d5 3. Nc3 dxe4 4. Nxe4 Nf6 5. Nxf6+ exf6 6. c3 Bd6 7. Bd3 O-O 8. Qc2 Re8+ 9. Ne2 h5 10. Be3 Nd7 11.
O-O-O b5 12. Ng3 h4 13. Nf5 Bf8 14. Nxh4 a5 15. Qe2 g6 16. g4 Nb6 17. Ng2 Be6 18.
Kb1 Bc4 19. h4 a4 20. g5 f5 21. h5 Qd5 22. Bxc4 Nxc4 23. Nf4 Qe4+ 24. Qd3 Nxe3 25. Qxe4 Rxe4 26. fxe3 Rxe3 27. hxg6 fxg6 28. Nxg6 Bg7 29.
Rde1 Rg3 30. Ne7+ Kf7 31. Nxf5 Rxg5 32. Nd6+ Kg8 33. Rhg1 1-0

[Event "Early-Titled-Tuesday-Blitz-January-30-2024"]
[Site "Chess.com"]
[Date "2024.01.30"]
[Round "3"]
[White "bancsoo"]
[Black "Snegokhod"]
[Result "0-1"]
[WhiteElo "2800"]
[BlackElo "2572"]
[TimeControl "180+1"]
[EndTime "8:30:10 PST"]
[Termination "Snegokhod won by resignation"]

1. Nf3 g6 2. g3 b6 3. Bg2 Bb7 4. O-O Bg7 5. d4 e6 6. c4 Ne7 7.
Nc3 O-O 8. e4 d6 9. Be3 h6 10.
h4 Nd7 11. Qd2 Nf6 12. Bxh6 Nxe4 13. Nxe4 Bxe4 14. Rfe1 Bxf3 15. Bxf3 Rb8 16. Bg4 c5 17. Bxg7 Kxg7 18. dxc5 dxc5 19. Qe2 Nc6 20. Rad1 Nd4 21.
Qe4 f5 22. Qe5+ Qf6 23. Qxf6+ Kxf6 24. Be2 Rbd8 25. Kf1 e5 26. f3 Rd6 27. Kf2 Rfd8 28. Bf1 Nc6 29. Rxd6+ Rxd6 30. g4 Rd2+ 31. Re2 Rd4 32.
Kg3 Rxc4 33. g5+ Ke6 34. h5 gxh5 35. Rh2 h4+ 36. Rxh4 Rxh4 37. Kxh4 Kf7 38. Kh5 Kg7 39. g6 Nd4 40. Kg5 f4 41. Bg2 c4 42. Bf1 b5 43.
b3 c3 0-1

[Event "Early-Titled-Tuesday-Blitz-January-30-2024"]
[Site "Chess.com"]
[Date "2024.01.30"]
[Round "3"]
[White "ChessSwole"]
[Black "ChessLebaneseSalah"]
[Result "1-0"]
[WhiteElo "2621"]
[BlackElo "2447"]
[TimeControl "180+1"]
[EndTime "8:30:10 PST"]
[Termination "ChessSwole won by resignation"]

1. d4 d5 2. Nc3 Nf6 3. Bf4 a6 4. e3 e6 5. Nf3 Bb4 6. Bd3 O-O 7. O-O Nbd7 8. Ne2 Bd6 9. c3 Qe7 10. Ng3 b5 11. b4 Bb7 12. a4 a5 13. bxa5 b4 14.
Bxd6 Qxd6 15. cxb4 e5 16. Nf5 Qe6 17. dxe5 Nxe5 18. N5d4 Qd6 19. Nxe5 Qxe5 20. Rc1 Rfc8 21. Nc6 Qd6 22. b5 Bxc6 23. Rxc6 Qb4 24. a6 Nd7 25. Bc2 Nb6 26. Qb1 Qxb1 27. Rxb1 Nc4 28. Rc5 Na3 29. Rd1 Nxc2 30. Rxc2 c6 31. Rdc1 c5 32. Rxc5 Rxc5 33. Rxc5 Rd8 34. a7 g5 35. b6 d4 36. Kf1 dxe3 37. fxe3 Kg7 38. b7 1-0

[Event "Early-Titled-Tuesday-Blitz-January-30-2024"]
[Site "Chess.com"]
[Date "2024.01.30"]
[Round "3"]
[White "vladislavkovalev"]
[Black "xakevicius91"]
[Result "1-0"]
[WhiteElo "2862"]
[BlackElo "2564"]
[TimeControl "180+1"]
[EndTime "8:30:12 PST"]
[Termination "vladislavkovalev won on time"]

1. e4 c5 2. Nf3 e6 3. c3 Nf6 4.
e5 Nd5 5. d4 cxd4 6. cxd4 d6 7.
Bc4 Be7 8. O-O O-O 9. Qe2 b6 10.
Bxd5 exd5 11. Rd1 Na6 12. Nc3 Nc7 13. h3 h6 14. Bf4 Be6 15. Rac1 Rc8 16. Nb5 Nxb5 17.
Qxb5 Rxc1 18. Rxc1 Qb8 19. a3 Rd8 20. Rc3 Bf8 21. exd6 Bxd6 22. Bxd6 Qxd6 23. Ne5 Bd7 24. Qa6 f6 25. Nd3 Bf5 26. Qxa7 Re8 27. Qa4 Re2 28. Qd1 Bxd3 29. Rxd3 Rxb2 30. Rg3 Qf4 31. Qe1 Kh7 32. Qe7 Qxf2+ 33. Kh2 1-0

[Event "Early-Titled-Tuesday-Blitz-January-30-2024"]
[Site "Chess.com"]
[Date "2024.01.30"]
[Round "3"]
[White "chess123456s"]
[Black "amintabatabaei"]
[Result "1-0"]
[WhiteElo "2563"]
[BlackElo "2930"]
[TimeControl "180+1"]
[EndTime "8:30:12 PST"]
[Termination "chess123456s won by resignation"]

1. d4 g6 2. e4 d6 3. Nc3 Nf6 4. f4 Bg7 5. Nf3 O-O 6. e5 dxe5 7. fxe5 Nd5 8. Bc4 Be6 9. Bxd5 Bxd5 10. Nxd5 Qxd5 11.
Qe2 Nc6 12. c4 Qa5+ 13. Bd2 Qb6 14. Bc3 e6 15. O-O-O a5 16. h4 Nb4 17. Kb1 Qc6 18.
h5 b5 19. hxg6 hxg6 20. a3 bxc4 21. axb4 axb4 22. Bxb4 Rfb8 23. Bc3 Qa4 24. Ng5 c5 25. Qf3 Ra7 26. d5 exd5 27. Qxd5 Qa2+ 28. Kc1 Rab7 29. Ne4 Bh6+ 30. Rxh6 Rxb2 31. Nf6+ Kg7 32. Rh7+ 1-0